 Seeded DCSS version 0.29-a0-375-g5102b3be25 (webtiles) character file.

Game seed: 13605594255664981076 (custom seed)

49 thiscave3701365 the Chopper (level 3, 0/46 HPs)
             Began as a Minotaur Berserker on May 3, 2022.
             Was a Follower of Trog.
             Slain by a gnoll
             ... wielding a +0 spear
              (4 damage)
             ... on level 2 of the Dungeon.
             The game lasted 00:00:51 (1273 turns).

thiscave3701365 the Chopper (Minotaur Berserker)    Turns: 1273, Time: 00:00:52

Health: 0/46       AC:  6    Str: 23    XL:     3   Next: 53%
Magic:  2/2        EV: 10    Int:  4    God:    Trog [*.....]
Gold:   86         SH:  0    Dex:  9    Spells: 2/2 levels left

rFire   . . .      SeeInvis .   a - +0 hand axe
rCold   . . .      Faith    .   (no shield)
rNeg    . . .      Spirit   .   i - +0 scale mail
rPois   .          Reflect  .   (helmet restricted)
rElec   .          Harm     .   (no cloak)
rCorr   .          Rampage  .   (no gloves)
Will    .....                   (no boots)
Stlth   ..........              (no amulet)
HPRegen 0.15/turn               (no ring)
MPRegen 0.08/turn               (no ring)

@: berserking (expiring), very quick
A: horns 2, retaliatory headbutt
a: Renounce Religion, Berserk


You were on level 2 of the Dungeon.
You worshipped Trog.
Trog was aware of your devotion.
You visited 1 branch of the dungeon, and saw 2 of its levels.

You collected 86 gold pieces.

Inventory:

Hand Weapons
 a - a +0 hand axe (weapon)
Armour
 b - a +0 animal skin
 i - a +0 scale mail (worn)
Scrolls
 d - a scroll of immolation {unknown}
 e - a scroll of identify {unknown}
 g - a scroll of blinking {unknown}
 h - a scroll of fog {unknown}
 j - a scroll of vulnerability {unknown}
Potions
 c - a potion of brilliance {unknown}
 f - 2 potions of haste {unknown}
 k - a potion of magic {unknown}


   Skills:
 - Level 3.6 Fighting
 + Level 5.6 Axes
 - Level 2.4 Armour
 - Level 2.1 Dodging


You had 2 spell levels left.
You didn't know any spells.
Your spell library was empty.

Dungeon Overview and Level Annotations

Branches:
Dungeon (2/15)

Altars:


Innate Abilities, Weirdness & Mutations

You have a pair of horns on your head.
You reflexively headbutt those who attack you in melee.


Message History

You closely miss the gnoll.
The gnoll is lightly wounded.
The gnoll hits you with a +0 club. The gnoll barely misses you.
Unknown command.
You barely miss the gnoll.
The gnoll is lightly wounded.
You slash the gnoll!
The gnoll hits you but does no damage. x3
The gnoll hits you from afar with a +0 spear.
Unknown command.
You are too injured to fight recklessly!
You are too injured to fight recklessly!
Unknown command.
You are too injured to fight recklessly!
Unknown command.
You are too injured to fight recklessly!
You barely miss the gnoll.
The gnoll is lightly wounded.
You hit the gnoll.
You kill the gnoll!
Trog accepts your kill.
A ball python comes into view.
You closely miss the gnoll.
The gnoll is lightly wounded.
The ball python hisses angrily.
The gnoll hits you from afar with a +0 spear. x2
* * * LOW HITPOINT WARNING * * *
The gnoll hits you with a +0 club.
* * * LOW HITPOINT WARNING * * *
You slash the gnoll!
The gnoll is severely wounded.
You closely miss the goblin. The goblin hits you but does no damage.
The gnoll hits you from afar with a +0 spear.
* * * LOW HITPOINT WARNING * * *
The gnoll hits you from afar with a +0 spear.
* * * LOW HITPOINT WARNING * * *
The gnoll barely misses you. You furiously retaliate!
You headbutt the gnoll!!
You kill the gnoll!
Trog accepts your kill. The gnoll hits you with a +0 spear.
You die...

#..... #....#
####....#
..##..S.## ###
#.##.....# ..#
#.##.....# ..#
#.##gg...# ..#
#..#####.##)@...#
..#
#.>.......'.....#
..#
#######.###g....#
..# #....#.#
......# ..#
#.##.#.#.#######
..####.##.#.#.
..'....##.#.#
..#######.#.#
...#......#.#


You could see 2 gnolls, a goblin and a ball python.

Vanquished Creatures
  2 gnolls (D:2)
  An endoplasm (D:1)
  2 giant cockroaches (D:1)
  3 goblins
  3 hobgoblins
  3 jackals (D:1)
  5 ball pythons
  2 frilled lizards
  3 kobolds (D:1)
  4 rats (D:1)
28 creatures vanquished.

Notes
Turn   | Place    | Note
-------+----------+-------------------------------------------
     0 | D:1      | thiscave3701365 the Minotaur Berserker began the quest for
                  | the Orb.
     0 | D:1      | Reached XP level 1. HP: 19/19 MP: 0/0
   127 | D:1      | Reached skill level 4 in Axes
   289 | D:1      | Found a faded altar of an unknown god.
   361 | D:1      | Reached XP level 2. HP: 25/26 MP: 1/1
  1064 | D:2      | Reached skill level 5 in Axes
  1177 | D:2      | Reached XP level 3. HP: 31/31 MP: 2/2
  1273 | D:2      | Slain by a gnoll

Illustrated notes

Levels and vault maps discovered:
D:1:      wander_arrival_lonely_grave, layout_basic,
          ebering_ecumenical_altar_rust
D:2:      layout_basic, minmay_misc_feat_tower, grunt_decor_mini_mirrors

Skill      XL: |  1  2 |
---------------+-------+-----
Axes           | 4 5 |  5.6
Fighting       | |  3.6
Armour         | |  2.4
Dodging        | |  2.1

Action                   || total
-------------------------++-------
Melee: Hand axe          ||    44
       Headbutt          ||     8
Invok: Berserk           ||     2
Armor: Animal skin       ||     5
       Scale mail        ||     8
Dodge: Dodged            ||    25

Table legend: (Time is in decaauts)
 A = Elapsed time spent in this place.
 B = Non-inter-level travel time spent in this place.
 C = Inter-level travel time spent in this place.
 D = Time resting spent in this place.
 E = Time spent auto-exploring this place.
 F = Levels seen in this place.
 G = Mean time per level.
                   A        B        C        D        E       F      G
               +--------+--------+--------+--------+--------+-----+--------+
         Total |   1280 |   1227 |     53 |    257 |    824 |   2 |  640.0 |
       Dungeon |   1280 |   1227 |     53 |    257 |    824 |   2 |  640.0 |
               +--------+--------+--------+--------+--------+-----+--------+

Top non-repeatable levels by time:
     D:1: 1012 daAuts
     D:2: 268 daAuts
